 Dungeon Crawl Stone Soup version 0.30-a0-311-gf115ab0292 (webtiles) character file.

Game seed: 16632170676965722866

1585 Ijustatesigmund the Shield-Bearer (level 8, -2/68 HPs)
             Began as a Gnoll Fighter on Oct 25, 2022.
             Slain by an ice beast (12 damage)
             ... on level 6 of the Dungeon.
             The game lasted 00:08:02 (5634 turns).

Ijustatesigmund the Shield-Bearer (Gnoll Fighter)   Turns: 5634, Time: 00:08:02

Health: -2/68      AC:  8    Str: 17    XL:     8   Next: 92%
Magic:  13/13      EV: 10    Int:  8    God:
Gold:   252        SH:  6    Dex: 12    Spells: 14/14 levels left

rFire   . . .      SeeInvis .    a - +0 war axe
rCold   . . .      Faith    .    c - +0 buckler
rNeg    . . .      Spirit   .    b - +0 scale mail
rPois   .          Reflect  .    (no helmet)
rElec   .          Harm     .    (no cloak)
rCorr   .          Rampage  .    (no gloves)
Will    .....                    (no boots)
Stlth   +.........               (no amulet)
HPRegen 0.31/turn                (no ring)
MPRegen 0.13/turn                (no ring)

@: no status effects
A: fangs 1, strong nose, distributed training
a: no special abilities


You were on level 6 of the Dungeon.
You visited 1 branch of the dungeon, and saw 6 of its levels.

You collected 369 gold pieces.
You spent 117 gold pieces at shops.

Inventory:

Hand Weapons
 a - a +0 war axe (weapon)
Missiles
 v - a throwing net (quivered)
Armour
 b - a +0 scale mail (worn)
 c - a +0 buckler (worn)
Wands
 j - a wand of mindburst (14)
 p - a wand of polymorph (3)
 w - a wand of roots (4)
Scrolls
 f - a scroll of silence {unknown}
 g - a scroll of enchant armour {unknown}
 h - a scroll of poison {unknown}
 i - 3 scrolls of teleportation
 k - a scroll of fear
 l - a scroll of butterflies {unknown}
 m - 2 scrolls of enchant weapon {unknown}
 q - a scroll of noise {unknown}
 t - 3 scrolls of identify
Potions
 d - a potion of might
 n - a potion of mutation
 o - a potion of curing
 r - a potion of ambrosia
 s - a potion of lignification
 u - a potion of attraction {unknown}


   Skills:
 + Level 7.6 Fighting
 + Level 3.8 Short Blades
 + Level 3.8 Long Blades
 + Level 6.0 Axes
 + Level 3.8 Maces & Flails
 + Level 3.8 Polearms
 + Level 3.8 Staves
 + Level 3.8 Ranged Weapons
 + Level 3.8 Throwing
 + Level 7.6 Armour
 + Level 3.8 Dodging
 + Level 3.8 Stealth
 + Level 7.6 Shields
 + Level 3.8 Unarmed Combat
 + Level 3.8 Spellcasting
 + Level 3.1 Conjurations
 + Level 3.1 Hexes
 + Level 3.1 Summonings
 + Level 3.1 Necromancy
 + Level 3.1 Translocations
 + Level 3.1 Transmutations
 + Level 3.1 Fire Magic
 + Level 3.1 Ice Magic
 + Level 3.1 Air Magic
 + Level 3.1 Earth Magic
 + Level 3.1 Poison Magic
 + Level 4.2 Invocations
 + Level 3.8 Evocations


You had 14 spell levels left.
You didn't know any spells.
Your spell library contained the following spells:

 Spells                   Type           Power      Damage    Failure   Level
 Ensorcelled Hibernation  Hex/Ice        12%        N/A       41%         2
 Passwall                 Tmut/Erth      5%         N/A       41%         2
 Gell's Gravitas          Tloc           6%         N/A       65%         3
 Inner Flame              Hex/Fire       6%         N/A       65%         3
 Lesser Beckoning         Tloc           12%        N/A       65%         3
 Swiftness                Air            6%         N/A       65%         3
 Teleport Other           Tloc           6%         N/A       65%         3
 Flame Wave               Conj/Fire      6%         2d5       96%         4
 Sticky Flame             Conj/Fire      6%         2d3       96%         4


Dungeon Overview and Level Annotations

Branches:
Dungeon (6/15)
 Temple: D:4-7

Altars:
Ashenzari
Nemelex Xobeh
Okawaru
Wu Jian
Yredelemnul

Shops:
D:1 *


Innate Abilities, Weirdness & Mutations

You have very sharp teeth.
Your uncanny sense of smell can sniff out nearby items.
Your experience applies equally to all skills.


Message History

The ice beast barely misses you.
You hit the ice beast. Your bite misses the ice beast.
The ice beast is heavily wounded.
The ice beast misses you. x2
You closely miss the ice beast. Your bite misses the ice beast.
The ice beast is heavily wounded.
You block the ice beast's attack.
You barely miss the ice beast.
The ice beast is heavily wounded.
The ice beast hits you but does no damage.
You closely miss the ice beast. You bite the ice beast.
The ice beast is heavily wounded.
The ice beast hits you but does no damage.
You hit the ice beast but do no damage.
The ice beast is heavily wounded.
The ice beast hits you but does no damage. x2
You closely miss the ice beast.
The ice beast is heavily wounded.
You block the ice beast's attack.
You barely miss the ice beast.
The ice beast is heavily wounded.
The ice beast hits you. The ice beast freezes you!
You are too injured to fight recklessly!
You are too injured to fight recklessly!
You are too injured to fight recklessly!
You are too injured to fight recklessly!
You are too injured to fight recklessly!
You are too injured to fight recklessly!
You are too injured to fight recklessly!
You hit the ice beast but do no damage.
You bite the ice beast, but do no damage.
The ice beast is heavily wounded.
The ice beast hits you. The ice beast freezes you!
* * * LOW HITPOINT WARNING * * *
You slash the ice beast! Your bite misses the ice beast.
The ice beast is almost dead.
The ice beast hits you.
* * * LOW HITPOINT WARNING * * *
The ice beast freezes you!
You die...

.#.. ................(.
.. #######.......#
#.......# ∆ #.##..#.#
##.#...#.###
#..........#
..#####..#.#...#.#######
...............#........
####@......##........
...(...Y.#.##.##...)....
.................|......
..............###.......
..#####.#...#.# #.......
. ...##.##.# #.......
###.......# ######## ∆
####.#### #.#


You could see an ice beast.

Vanquished Creatures
  Prince Ribbit (D:6)
  Eustachio (D:5)
  2 black bears (D:5)
  An ice beast (D:5)
  2 ogres
  A necrophage (D:5)
  2 scorpions (D:5)
  A howler monkey (D:5)
  A crimson imp (D:5)
  5 hounds
  An orc priest (D:4)
  Terence (D:3)
  A gnoll bouda (D:5)
  3 iguanas
  2 orc wizards
  8 adders
  3 gnolls
  A white imp (D:5)
  A worm (D:3)
  2 dart slugs (D:4)
  9 orcs
  19 bats
  8 endoplasms
  4 giant cockroaches
  7 goblins
  7 hobgoblins
  4 kobolds
  5 quokkas
  6 ball pythons
  4 frilled lizards
  7 rats
120 creatures vanquished.

Notes
Turn   | Place    | Note
-------+----------+-------------------------------------------
     0 | D:1      | Ijustatesigmund the Gnoll Fighter began the quest for the
                  | Orb.
     0 | D:1      | Reached XP level 1. HP: 23/23 MP: 1/1
   205 | D:1      | Reached XP level 2. HP: 29/29 MP: 2/2
   270 | D:1      | Found Zoxoh's General Store.
   293 | D:1      | Bought a potion of heal wounds for 65 gold pieces
   629 | D:1      | Reached XP level 3. HP: 35/35 MP: 3/3
  1003 | D:1      | Bought a scroll of fear for 52 gold pieces
  1053 | D:2      | Reached skill level 1 in Invocations
  1184 | D:2      | Reached skill level 1 in Short Blades
  1184 | D:2      | Reached skill level 1 in Long Blades
  1184 | D:2      | Reached skill level 1 in Maces & Flails
  1184 | D:2      | Reached skill level 1 in Polearms
  1184 | D:2      | Reached skill level 1 in Staves
  1184 | D:2      | Reached skill level 1 in Ranged Weapons
  1184 | D:2      | Reached skill level 1 in Throwing
  1184 | D:2      | Reached skill level 1 in Dodging
  1184 | D:2      | Reached skill level 1 in Stealth
  1184 | D:2      | Reached skill level 1 in Unarmed Combat
  1184 | D:2      | Reached skill level 1 in Spellcasting
  1184 | D:2      | Reached skill level 1 in Evocations
  1578 | D:3      | Noticed Terence
  1590 | D:3      | Killed Terence
  1591 | D:3      | Reached skill level 1 in Conjurations
  1591 | D:3      | Reached skill level 1 in Hexes
  1591 | D:3      | Reached skill level 1 in Summonings
  1591 | D:3      | Reached skill level 1 in Necromancy
  1591 | D:3      | Reached skill level 1 in Translocations
  1591 | D:3      | Reached skill level 1 in Transmutations
  1591 | D:3      | Reached skill level 1 in Fire Magic
  1591 | D:3      | Reached skill level 1 in Ice Magic
  1591 | D:3      | Reached skill level 1 in Air Magic
  1591 | D:3      | Reached skill level 1 in Earth Magic
  1591 | D:3      | Reached skill level 1 in Poison Magic
  1591 | D:3      | Reached XP level 4. HP: 39/41 MP: 5/5
  1693 | D:3      | Reached XP level 5. HP: 28/47 MP: 5/7
  1797 | D:3      | Found a basalt altar of Yredelemnul.
  2058 | D:3      | Found an iron altar of Okawaru.
  2063 | D:3      | Found a broken altar of Ashenzari.
  2259 | D:4      | Found an ornate altar of the Wu Jian Council.
  2323 | D:4      | Found a sparkling altar of Nemelex Xobeh.
  2477 | D:5      | Entered Level 5 of the Dungeon
  2478 | D:5      | HP: 2/47 [iguana (4)]
  2488 | D:5      | Reached XP level 6. HP: 42/53 MP: 8/8
  2493 | D:5      | Reached skill level 5 in Axes
  3480 | D:5      | Reached XP level 7. HP: 33/53 MP: 10/10
  4011 | D:5      | Reached XP level 8. HP: 59/67 MP: 12/12
  4515 | D:5      | Noticed Eustachio
  4614 | D:5      | Killed Eustachio
  5409 | D:6      | Noticed Prince Ribbit
  5423 | D:6      | Killed Prince Ribbit
  5634 | D:6      | Slain by an ice beast

Illustrated notes

Levels and vault maps discovered:
D:1:      onia_arrival_mini_maze_b, layout_basic, serial_shops, shop_coins,
          minmay_domino_2
D:2:      layout_rooms
D:3:      layout_rooms, yredelemnul_altar_generic,
          amethyst_overflow_temple_binary, uniq_terence
D:4:      layout_basic, mainiacjoe_overflow_catch_the_wave, serial_corexii_hall,
          corexii_hall_statues_x, chequers_hall_statues_corner_a
D:5:      layout_loops_ring, roderic_batcave, minmay_fire_ice_demons,
          uniq_eustachio
D:6:      layout_loops_cross, serial_shops, shop, feat_on_display,
          uniq_prince_ribbit1

Skill      XL: |  1  2  3  4  5  6  7  8 |
---------------+-------------------------+-----
Invocations    | 1 2 3 4 |  4.2
Short Blades   | 1 2 3 |  3.8
Long Blades    | 1 2 3 |  3.8
Maces & Flails | 1 2 3 |  3.8
Polearms       | 1 2 3 |  3.8
Staves         | 1 2 3 |  3.8
Ranged Weapons | 1 2 3 |  3.8
Throwing       | 1 2 3 |  3.8
Dodging        | 1 2 3 |  3.8
Stealth        | 1 2 3 |  3.8
Unarmed Combat | 1 2 3 |  3.8
Spellcasting   | 1 2 3 |  3.8
Evocations     | 1 2 3 |  3.8
Conjurations   | 1 2 3 |  3.1
Hexes          | 1 2 3 |  3.1
Summonings     | 1 2 3 |  3.1
Necromancy     | 1 2 3 |  3.1
Translocations | 1 2 3 |  3.1
Transmutations | 1 2 3 |  3.1
Fire Magic     | 1 2 3 |  3.1
Ice Magic      | 1 2 3 |  3.1
Air Magic      | 1 2 3 |  3.1
Earth Magic    | 1 2 3 |  3.1
Poison Magic   | 1 2 3 |  3.1
Axes           | 5 6 |  6.0
Fighting       | 7 |  7.6
Armour         | 7 |  7.6
Shields        | 7 |  7.6

Action                   |  1- 3 |  4- 6 |  7- 9 || total
-------------------------+-------+-------+-------++-------
Melee: War axe           |   121 |   155 |   200 ||   476
       Bite              |    13 |     8 |    18 ||    39
       Unarmed           |     7 |     1 |       ||     8
Evoke: Wand              |       |       |     4 ||     4
  Use: Potion            |       |     3 |     1 ||     4
       Scroll            |       |     1 |     4 ||     5
 Stab: Confused          |     1 |       |       ||     1
Armor: Scale mail        |    56 |    67 |   104 ||   227
       Skin              |     1 |       |       ||     1
Dodge: Dodged            |    72 |    63 |   116 ||   251
Block: Buckler           |    32 |    57 |    69 ||   158

Table legend: (Time is in decaauts)
 A = Elapsed time spent in this place.
 B = Non-inter-level travel time spent in this place.
 C = Inter-level travel time spent in this place.
 D = Time resting spent in this place.
 E = Time spent auto-exploring this place.
 F = Levels seen in this place.
 G = Mean time per level.
                   A        B        C        D        E       F      G
               +--------+--------+--------+--------+--------+-----+--------+
         Total |   5771 |   5633 |    138 |   1346 |   3298 |   6 |  961.8 |
       Dungeon |   5771 |   5633 |    138 |   1346 |   3298 |   6 |  961.8 |
               +--------+--------+--------+--------+--------+-----+--------+

Top non-repeatable levels by time:
     D:5: 2067 daAuts
     D:4: 1207 daAuts
     D:1: 1058 daAuts
     D:3: 564 daAuts
     D:2: 537 daAuts
     D:6: 336 daAuts
